 Dungeon Crawl Stone Soup version 0.31-a0-986-g5e6e4ef867 (webtiles) character file.

Game seed: 5121060340015410028

6245 Jeffwins the Grappler (level 10, -8/92 HPs)
             Began as a Troll Shapeshifter on Nov 25, 2023.
             Mangled by an orc warrior
             ... wielding a +0 battleaxe
              (14 damage)
             ... on level 9 of the Dungeon.
             The game lasted 00:12:08 (7284 turns).

Jeffwins the Grappler (Troll Shapeshifter)          Turns: 7284, Time: 00:12:08

Health: -8/92      AC:  7    Str: 24    XL:     10   Next: 62%
Magic:  9/9        EV: 10    Int: 10    God:
Gold:   713        SH:  5    Dex:  9    Spells: 9/9 levels left

rFire   . .          .
                       - Unarmed
rCold   . . .        (no shield)
rNeg    . . .        J - +0 steam dragon scales
rPois   .            (helmet currently unavailable)
rElec   .            (cloak currently unavailable)
rCorr   .            (gloves unavailable)
SInv    .            (boots unavailable)
Will    +....        i - amulet of reflection
Stlth   ++           Y - +4 ring of slaying
HPRegen 1.15/turn    K - ring of willpower
MPRegen 0.11/turn

%: reflection
@: brilliant, about to teleport, beast-form
A: beast (slay +4), large, unfitting armour, claws 3, regeneration 1, shaggy fur
1, tough skin 1
a: Begin Untransformation


You were on level 9 of the Dungeon.
You were a hulking beast.
You visited 2 branches of the dungeon, and saw 10 of its levels.
You also visited: Sewer.

You collected 713 gold pieces.


Innate Abilities, Weirdness & Mutations

You are a hulking beast.
Your limbs bulge with bestial killing power. (Slay +4)
You are too large for most types of armour.
You have claws for hands.
Your natural rate of healing is unusually fast.
You are covered in fur. (AC +1)
You have tough skin. (AC +1)


   Skills:
 - Level 4.0 Fighting
 + Level 4.9 Throwing
 - Level 4.0 Dodging
 - Level 2.0 Stealth
 * Level 9.4 Unarmed Combat
 + Level 3.0 Evocations
 * Level 8.7 Shapeshifting


You had 9 spell levels left.
You didn't know any spells.
Your spell library contained the following spells:

 Spells                   Type           Power      Damage    Failure   Level
 Apportation              Tloc           0%         N/A       36%         1
 Magic Dart               Conj           0%         1d3       36%         1
 Necrotise                Necr           0%         1d4       36%         1
 Slow                     Hex            0%         N/A       36%         1
 Summon Small Mammal      Summ           0%         N/A       36%         1
 Searing Ray              Conj           0%         2d4       50%         2
 Confusing Touch          Hex            0%         N/A       75%         3
 Sigil of Binding         Hex            0%         N/A       75%         3
 Vampiric Draining        Necr           0%         2d6       75%         3
 Fulminant Prism          Conj/Hex       0%         3d5       98%         4

Inventory:

Missiles
 b - 48 poisoned darts
 s - a curare-tipped dart {=f}
Armour
 a - a +0 animal skin
 G - an orb of energy
 J - +0 steam dragon scales (worn)
Magical Staves
 l - a staff of death
Jewellery
 i - an amulet of reflection (around neck)
 v - a ring of see invisible
 E - a +5 ring of evasion
 F - a ring of protection from fire
 K - a ring of willpower (right claw)
 N - a ring of positive energy
 P - a ring of poison resistance
 R - an amulet of magic regeneration
 S - a +6 ring of strength
 Y - a +4 ring of slaying (left claw)
Talismans
 c - a beast talisman (active)
 d - a flux talisman
 O - a serpent talisman
Wands
 A - a wand of polymorph (18)
 B - a wand of flame (22)
 I - a wand of paralysis (4)
 Q - a wand of digging (5)
Scrolls
 e - a scroll of fear
 f - 2 scrolls of vulnerability {!r}
 g - 5 scrolls of teleportation {@r4}
 h - a scroll of immolation {!r}
 n - 2 scrolls of amnesia
 o - 4 scrolls of fog
 x - a scroll of enchant armour
 y - 2 scrolls of silence {unknown}
 z - 2 scrolls of torment {unknown}
 L - a scroll of identify {@r1}
Potions
 j - 2 potions of curing {unknown}
 k - 2 potions of berserk rage {unknown}
 m - a potion of attraction {unknown}
 p - a potion of resistance {unknown}
 q - a potion of invisibility {unknown}
 r - 2 potions of mutation {unknown}
 t - a potion of haste {unknown}
 u - 3 potions of brilliance
 w - 2 potions of cancellation {unknown}
 C - a potion of magic {unknown}
 D - a potion of degeneration {unknown}
 H - a potion of heal wounds {unknown}
 M - a potion of lignification {!q}

Dungeon Overview and Level Annotations

Branches:
Dungeon (9/15)             Temple (1/1) D:7             Orc (0/2) D:9
  Sewer (visited)
   Lair: D:8-11

Altars:
Ashenzari
Cheibriados
Dithmenos
Elyvilon
Gozag
Hepliaklqana
Kikubaaqudgha
Makhleb
Nemelex Xobeh
Qazlal
Ru
Sif Muna
Trog
Uskayaw
Wu Jian
Xom
Yredelemnul
Zin
The Shining One

Shops:
D:2 (   D:4 : D:7

* ▒▒▒▒▒▒▒▒ ▒. ▒......▒ ▒.
▒......▒ ▒.
▒▒▒▒▒▒▒▒▒▒▒▒▒▒▒......▒ ▒.
.....................▒ ▒.
......?..............▒ ▒.
.....................▒▒▒.
.........................
........h..▒▒▒...........
▒▒▒▒▒8o8▒▒▒ ▒...........


...8oooooo▒ ▒......#++## ....oooooo▒ ▒......# ⌠..⚑oooooo▒ ▒......# ..........▒
▒......# ...>......▒ ▒......# ▒▒▒▒▒▒▒▒▒▒▒ ▒......##### ▒........... You could
see 5 orc warriors, 3 orc priests and 11 orcs.


Message History

The orc warrior is severely wounded.
The orc warrior hits you with a +0 battleaxe!
You block the orc warrior's attack.
The orc warrior hits you with a +0 halberd!
The orc priest looks encouraged for a moment.
The orc warrior hits you with a +0 glaive!
You barely miss the orc warrior.
The orc warrior is severely wounded.
The orc warrior hits you with a +0 battleaxe.
You block the orc warrior's attack.
The orc warrior hits you with a +0 halberd!!
* * * LOW HITPOINT WARNING * * *
You block the orc warrior's attack.
You are too injured to fight recklessly!
Unknown command.
Okay, then.
You block the orc warrior's attack.
The orc warrior hits you from afar with a +0 glaive!
* * * LOW HITPOINT WARNING * * *
The orc cheers loudly, as Orcs often do.
As you read the scroll of teleportation {@r4}, it crumbles to dust.
You feel strangely unstable.
The orc warrior hits you from afar with a +0 glaive!
* * * LOW HITPOINT WARNING * * *
The orc warrior closely misses you. The orc warrior barely misses you.
It was a potion of brilliance.
You feel clever all of a sudden. You block the orc warrior's attack.
The orc warrior barely misses you.
The orc warrior hits you with a +0 battleaxe!
You die...

Skill      XL: |  1  2  3  4  5  6  7  8  9 10 |
---------------+-------------------------------+-----
Fighting       | 1 2 3 4 |  4.0
Dodging        | 2 3 4 |  4.0
Unarmed Combat | 4 5 6 8 9 |  9.4
Shapeshifting  | 4 5 6 7 8 |  8.7
Stealth        | 1 2 |  2.0
Throwing       | 1 2 4 |  4.9
Evocations     | 2 3 |  3.0

Action                     |  1- 3 |  4- 6 |  7- 9 | 10-12 || total
---------------------------+-------+-------+-------+-------++-------
  Melee: Unarmed           |    63 |   152 |   215 |   127 ||   557
         Punch             |     1 |     3 |    10 |     8 ||    22
    Use: Scroll            |       |     5 |     2 |     1 ||     8
         Potion            |       |     1 |       |     1 ||     2
   Stab: Sleeping          |       |       |     2 |       ||     2
 Armour: Animal skin       |    41 |    57 |    89 |       ||   187
         Skin              |       |    17 |       |       ||    17
         Steam dragon scal |       |       |       |   107 ||   107
  Dodge: Dodged            |    20 |   100 |   100 |    82 ||   302
  Block: Other             |    13 |    32 |    37 |    36 ||   118
         Reflection        |       |     1 |       |       ||     1
   Form: Anaconda          |       |       |       |     1 ||     1
         Beast             |       |       |       |     1 ||     1

Levels and vault maps discovered:
D:1:      dpeg_arrival_rooms_c, layout_rooms, dreamdust_princess_corridor,
          hangedman_abyss_or_decor_stabs, minmay_stone_trees_small,
          minmay_misc_feat_diagonals
D:2:      layout_basic, serial_shops, shop, nicolae_ecumenical_pavilion,
          hex_intersection, corexii_shack, minmay_fractal_squares_5
D:3:      layout_loops_ring, portal_sewer_entry_d
D:4:      layout_loops_ring, nicolae_tso_swordbearing_angel,
          nicolae_shop_i_like_big_books, uniq_blork_the_orc
D:5:      layout_basic, uniq_prince_ribbit1, uniq_eustachio
D:6:      layout_cave_pools, small_statue_alley_b, uniq_grinder, uniq_edmund,
          uniq_jeremiah
D:7:      layout_basic, minmay_temple_entry_large_hall, serial_rivers,
          chequers_serial_rivers_large_b, chequers_serial_rivers_room_b,
          chequers_serial_rivers_micro_c, chequers_serial_rivers_small_3,
          chequers_jeans, nicolae_shop_overcharged_wands, uniq_menkaure
D:8:      layout_loops_ring
D:9:      layout_irregular_city, nicolae_overflow_quartered_altars,
          grunt_lair_entry_orc_guard_hut, david_orc_5, nicolae_underground_beach
Temple:   minmay_temple_bridge_d

Notes
Turn   | Place    | Note
-------+----------+-------------------------------------------
     0 | D:1      | Jeffwins the Troll Shapeshifter began the quest for the
                  | Orb.
     0 | D:1      | Reached XP level 1. HP: 18/18 MP: 0/0
   107 | D:1      | Reached skill level 1 in Fighting
   107 | D:1      | Reached XP level 2. HP: 27/27 MP: 1/1
   521 | D:2      | Reached XP level 3. HP: 19/33 MP: 2/2
   532 | D:2      | Reached skill level 2 in Dodging
   611 | D:2      | Reached XP level 4. HP: 37/41 MP: 3/3
   730 | D:2      | Found a faded altar of an unknown god.
   808 | D:2      | Found Tiofuul's Weapon Shoppe.
  1819 | D:3      | Found a glowing drain.
  1831 | Sewer    | Entered a sewer
  1854 | Sewer    | Noticed a kobold brigand
  1854 | Sewer    | Noticed a kobold brigand
  1865 | Sewer    | Killed a kobold brigand
  1866 | Sewer    | Reached skill level 4 in Unarmed Combat
  1866 | Sewer    | Reached skill level 4 in Shapeshifting
  1866 | Sewer    | Reached XP level 5. HP: 19/49 MP: 4/4
  1869 | Sewer    | Reached skill level 1 in Stealth
  1869 | Sewer    | Reached XP level 6. HP: 24/57 MP: 5/5
  1968 | Sewer    | Reached skill level 2 in Fighting
  2373 | D:3      | Reached XP level 7. HP: 65/65 MP: 6/6
  2563 | D:3      | Reached skill level 5 in Unarmed Combat
  2900 | D:4      | You fall into a shaft and drop 1 floor!
  2900 | D:5      | Entered Level 5 of the Dungeon
  2989 | D:5      | Noticed a yak
  2990 | D:5      | Noticed a yak
  3002 | D:5      | Noticed a yak
  3012 | D:5      | Killed a yak
  3020 | D:5      | Killed a yak
  3021 | D:5      | Reached skill level 1 in Throwing
  3021 | D:5      | Reached skill level 3 in Dodging
  3021 | D:5      | Reached skill level 5 in Shapeshifting
  3034 | D:5      | Killed a yak
  3035 | D:5      | Reached XP level 8. HP: 39/74 MP: 7/7
  3127 | D:5      | Noticed Prince Ribbit
  3167 | D:5      | Killed Prince Ribbit
  3168 | D:5      | Reached skill level 3 in Fighting
  3217 | D:4      | Found Wesm's Tremendous Tomes.
  3372 | D:4      | Found a glowing golden altar of the Shining One.
  3604 | D:4      | Noticed Blork the orc
  3607 | D:4      | Killed Blork the orc
  3608 | D:4      | Reached skill level 2 in Stealth
  3608 | D:4      | Reached skill level 6 in Unarmed Combat
  3948 | D:5      | Reached skill level 2 in Throwing
  3976 | D:5      | Noticed Eustachio
  4008 | D:5      | Killed Eustachio
  4081 | D:5      | Reached skill level 6 in Shapeshifting
  4630 | D:6      | Noticed Grinder
  4637 | D:6      | Paralysed by Grinder for 5 turns
  4643 | D:6      | Killed Grinder
  4644 | D:6      | Reached XP level 9. HP: 57/83 MP: 8/8
  4740 | D:6      | Reached skill level 3 in Throwing
  4740 | D:6      | Reached skill level 4 in Dodging
  4740 | D:6      | Reached skill level 7 in Unarmed Combat
  4756 | D:6      | Noticed Jeremiah
  4762 | D:6      | Killed Jeremiah
  4815 | D:6      | Reached skill level 1 in Evocations
  4831 | D:6      | Reached skill level 4 in Fighting
  4919 | D:6      | Noticed Edmund
  4933 | D:6      | Killed Edmund
  4934 | D:6      | Reached skill level 7 in Shapeshifting
  5228 | D:7      | Found a staircase to the Ecumenical Temple.
  5229 | D:7      | Found Ryxkeul's Overcharged Wands.
  5259 | Temple   | Entered the Ecumenical Temple
  5431 | D:7      | Reached skill level 8 in Unarmed Combat
  5569 | D:7      | Noticed Menkaure
  5574 | D:7      | Killed Menkaure
  5575 | D:7      | Reached skill level 4 in Throwing
  5623 | D:7      | Reached skill level 2 in Evocations
  5720 | D:7      | Reached XP level 10. HP: 48/92 MP: 9/9
  6489 | D:8      | Reached skill level 8 in Shapeshifting
  6621 | D:8      | Noticed a cyclops
  6627 | D:8      | Killed a cyclops
  6686 | D:8      | Reached skill level 9 in Unarmed Combat
  7133 | D:9      | Reached skill level 3 in Evocations
  7239 | D:9      | Found a sacrificial altar of Ru.
  7275 | D:9      | Found a staircase to the Orcish Mines.
  7283 | D:9      | HP: 5/92 [orc warrior/+0 glaive (14)]
  7284 | D:9      | Mangled by an orc warrior

Vanquished Creatures
  A cyclops (D:8)
  Jeremiah (D:6)
  A hornet (D:8)
  Grinder (D:6)
  Prince Ribbit (D:5)
  4 yaks
  3 wyverns
  Eustachio (D:5)
  2 steam dragons (D:7)
  Edmund (D:6)
  Menkaure (D:7)
  3 water moccasins
  2 orc warriors
  A black bear (D:5)
  3 sky beasts
  An ogre (D:6)
  A centaur (D:8)
  6 kobold brigands
  A phantom (D:6)
  4 bullfrogs
  Blork the orc (D:4)
  4 scorpions
  2 gnoll sergeants
  2 howler monkeys
  A jelly (D:3)
  2 gnoll boudas
  2 orc priests
  3 sleepcaps
  5 hounds
  4 iguanas
  6 orc wizards
  21 gnolls
  11 adders
  2 shadow imps
  A white imp (D:7)
  2 worms (D:2)
  3 dart slugs
  12 orcs
  5 endoplasms
  3 giant cockroaches
  11 hobgoblins
  4 jackals (D:3)
  3 quokkas
  11 ball pythons
  11 bats
  7 frilled lizards
  3 goblins
  21 kobolds
  3 rats
205 creatures vanquished.

Table legend: (Time is in decaauts)
 A = Elapsed time spent in this place.
 B = Non-inter-level travel time spent in this place.
 C = Inter-level travel time spent in this place.
 D = Time resting spent in this place.
 E = Time spent auto-exploring this place.
 F = Levels seen in this place.
 G = Mean time per level.
                   A        B        C        D        E       F      G
               +--------+--------+--------+--------+--------+-----+--------+
         Total |   7214 |   6777 |    437 |      0 |   5387 |  11 |  655.8 |
       Dungeon |   6694 |   6400 |    294 |      0 |   5183 |   9 |  743.8 |
        Temple |    152 |      9 |    143 |      0 |      0 |   1 |  152.0 |
         Sewer |    367 |    367 |      0 |      0 |    204 |   1 |  367.0 |
               +--------+--------+--------+--------+--------+-----+--------+

Top non-repeatable levels by time:
     D:2: 1263 daAuts
     D:5: 1058 daAuts
     D:7: 888 daAuts
     D:8: 813 daAuts
     D:3: 717 daAuts
     D:4: 707 daAuts
     D:6: 566 daAuts
     D:1: 482 daAuts
   Sewer: 367 daAuts
     D:9: 197 daAuts
  Temple: 152 daAuts

Table legend:
 A = Non-vault XP
 B = Vault XP
 C = Vault XP percentage of total XP
 D = Non-vault monster count
 E = Vault monster count
 F = Vault count percentage of total count
                 A         B        C        D         E       F
            +---------+---------+-------+---------+---------+-------
      Total |    6161 |    2761 |  30.9 |     155 |      50 |  24.4
            +---------+---------+-------+---------+---------+-------
        D:1 |      26 |       0 |   0.0 |      18 |       0 |   0.0
        D:2 |      89 |      39 |  30.5 |      21 |       8 |  27.6
        D:3 |     121 |      13 |   9.7 |      18 |       1 |   5.3
        D:4 |      26 |      94 |  78.3 |       7 |       1 |  12.5
        D:5 |    1245 |     459 |  26.9 |      16 |       2 |  11.1
        D:6 |     878 |     827 |  48.5 |      25 |       3 |  10.7
        D:7 |    1259 |     172 |  12.0 |      13 |       1 |   7.1
        D:8 |    2305 |       0 |   0.0 |      30 |       0 |   0.0
        D:9 |     212 |     642 |  75.2 |       7 |       6 |  46.2
      Sewer |       0 |     515 | 100.0 |       0 |      28 | 100.0
            +---------+---------+-------+---------+---------+-------
